 Dungeon Crawl Stone Soup version 0.28.0-53-g5a82cb258f (webtiles) character file.

Game seed: 14305650451431228847

37 Peloso the Shield-Bearer (level 3, -1/33 HPs)
             Began as a Minotaur Fighter on May 26, 2022.
             Slain by a goblin
             ... wielding a +0 club
             ... led by Robin
              (3 damage)
             ... on level 1 of the Dungeon.
             The game lasted 00:01:31 (988 turns).

Peloso the Shield-Bearer (Minotaur Fighter)          Turns: 988, Time: 00:01:32

Health: -1/33      AC:  7    Str: 20    XL:     3   Next: 23%
Magic:  2/2        EV:  9    Int:  5    God:
Gold:   64         SH:  4    Dex: 11    Spells: 2/2 levels left

rFire   . . .      SeeInvis .   a - +0 long sword
rCold   . . .      Faith    .   c - +0 buckler
rNeg    . . .      Spirit   .   b - +0 scale mail
rPois   .          Reflect  .   (helmet restricted)
rElec   .          Harm     .   (no cloak)
rCorr   .          Rampage  .   (no gloves)
Will    .....                   (no boots)
Stlth   ..........              (no amulet)
HPRegen 0.11/turn               (no ring)
MPRegen 0.08/turn               (no ring)

@: lethally poisoned (-1 -> -15)
A: horns 2, retaliatory headbutt
a: no special abilities


You were on level 1 of the Dungeon.
You visited 1 branch of the dungeon, and saw 2 of its levels.

You collected 64 gold pieces.

Inventory:

Hand Weapons
 a - a +0 long sword (weapon)
Armour
 b - a +0 scale mail (worn)
 c - a +0 buckler (worn)
Potions
 d - a potion of might


   Skills:
 + Level 4.0 Fighting
 + Level 2.7 Long Blades
 + Level 4.1 Armour
 + Level 0.7 Dodging
 + Level 4.2 Shields


You had 2 spell levels left.
You didn't know any spells.
Your spell library was empty.

Dungeon Overview and Level Annotations

Branches:
Dungeon (2/15)

Altars:

Annotations:
D:1 Robin


Innate Abilities, Weirdness & Mutations

You have a pair of horns on your head.
You reflexively headbutt those who attack you in melee.


Message History

You barely miss the hobgoblin.
The hobgoblin hits you but does no damage.
A goblin comes into view. It is wielding a +0 club.
Robin says, "A pitiful Minotaur like you will never find the ORB!"
The goblin hits you with a +0 club.
Unknown command.
The hobgoblin hits you. x2; The goblin hits you but does no damage.
Robin throws the goblin at you! You block the goblin's attack.
You climb upwards.
There is a stone staircase leading down here.
Unknown command.
You barely miss the hobgoblin. The hobgoblin hits you.
The hobgoblin completely misses you. The goblin hits you but does no damage.
The goblin closely misses you.
Unknown command.
You hit the hobgoblin.
The hobgoblin is heavily wounded.
The hobgoblin barely misses you. You furiously retaliate!
You headbutt the hobgoblin.
The hobgoblin hits you but does no damage.
The goblin hits you but does no damage. Robin hits you but does no damage.
You are poisoned.
The goblin closely misses you. The hobgoblin hits you.
The hobgoblin barely misses you.
You hit the hobgoblin.
You kill the hobgoblin!
You feel very sick. You block the goblin's attack.
Robin hits you with a +3 short sword of venom.
You are lethally poisoned!
The goblin hits you but does no damage. The hobgoblin hits you.
* * * LOW HITPOINT WARNING * * *
You block the goblin's attack. Robin closely misses you.
You furiously retaliate!
You headbutt Robin, but do no damage. The goblin hits you but does no damage.
Okay, then.
* * * LOW HITPOINT WARNING * * *
You feel very sick. The goblin hits you with a +0 club.
You die...

#'## ##>## ##'###..........
#..### ### ###..# #..........
##...#### ####...## #..........
###....#####....### #.......)#(
####...#...#### #..........
###...### #..........
######'############.#..†.....
#..........gg.......+........
#.........gg@.......#......#.
#...................#......#+
#....^...................)...
#............................
#####............................
#.......#........................
#.......#.........#'##+#.........
#.......#.........####.#.........
#...#####.........# #...........


You could see Robin, a hobgoblin (strong) and 2 goblins.

Vanquished Creatures
  3 dart slugs (D:1)
  2 endoplasms (D:1)
  A giant cockroach (D:1)
  4 goblins
  5 hobgoblins (D:1)
  3 jackals (D:1)
  2 quokkas (D:1)
  A bat (D:1)
  A frilled lizard (D:1)
  3 kobolds
  2 rats (D:1)
27 creatures vanquished.

Notes
Turn   | Place    | Note
-------+----------+-------------------------------------------
     0 | D:1      | Peloso the Minotaur Fighter began the quest for the Orb.
     0 | D:1      | Reached XP level 1. HP: 19/19 MP: 0/0
   285 | D:1      | Reached XP level 2. HP: 27/27 MP: 1/1
   388 | D:1      | Found a faded altar of an unknown god.
   683 | D:2      | Noticed Robin
   692 | D:1      | Reached XP level 3. HP: 20/33 MP: 2/2
   988 | D:1      | Slain by a goblin

Illustrated notes

Levels and vault maps discovered:
D:1:      minmay_arrival_split_and_join, layout_basic,
          chequers_ecumenical_altar_lobes
D:2:      layout_rooms, serial_shops, nicolae_shop_hallway_stairs, shop, shop,
          nicolae_shop_overgrown_old_shop, chequers_serial_rivers_room_a,
          uniq_natasha, uniq_sigmund, uniq_robin

Skill      XL: |  1  2 |
---------------+-------+-----
Shields        | 4 |  4.2
Armour         | 4 |  4.1
Fighting       | 4 |  4.0
Long Blades    | |  2.7
Dodging        | |  0.7

Action                   || total
-------------------------++-------
Melee: Long sword        ||    64
       Headbutt          ||     9
  Use: Scroll            ||     3
Armor: Scale mail        ||    59
Dodge: Dodged            ||    45
Block: Buckler           ||    28
